 Dungeon Crawl Stone Soup version 0.32-a0-20-ge526923d97 (webtiles) character file.

Game seed: 15819769430612182440

42 jasper the Digger (level 3, 0/26 HPs)
             Began as a Demonspawn Earth Elementalist on Jan 17, 2024.
             Slain by a gnoll
             ... wielding a +0 club
              (7 damage)
             ... on level 2 of the Dungeon.
             The game lasted 00:01:48 (1104 turns).

jasper the Digger (Demonspawn Earth Elementalist)   Turns: 1104, Time: 00:01:48

Health: 0/26       AC:  5    Str:  8    XL:     3   Next: 33%
Magic:  6/6        EV: 11    Int: 17    God:
Gold:   39         SH:  0    Dex: 15    Spells: 2/6 levels left

rFire   . . .        c - +1 quick blade
rCold   . . .        (no shield)
rNeg    . . .        j - +0 leather armour
rPois   .            (no helmet)
rElec   .            g - +0 cloak
rCorr   .            (no gloves)
SInv    .            h - +0 pair of boots
Will    .....        (no amulet)
Stlth   +++          (no ring)
HPRegen 0.24/turn    (no ring)
MPRegen 0.10/turn

%: no passive effects
@: very slightly contaminated
A: thin skeletal structure 1
a: no special abilities


You were on level 2 of the Dungeon.
You visited 1 branch of the dungeon, and saw 2 of its levels.

You collected 39 gold pieces.

Inventory:

Hand Weapons
 c - a +1 quick blade (weapon)
 e - a +4 mace of holy wrath
Missiles
 d - 9 stones
 k - 6 boomerangs
Armour
 a - a +0 robe
 g - a +0 cloak (worn)
 h - a +0 pair of boots (worn)
 i - a +0 ring mail
 j - a +0 leather armour (worn)
Scrolls
 f - a scroll of identify
Potions
 l - a potion of mutation


   Skills:
 + Level 1.5 Fighting
 - Level 1.7 Dodging
 - Level 1.7 Stealth
 - Level 2.0 Spellcasting
 - Level 1.0 Conjurations
 * Level 3.6 Earth Magic


You had 2 spell levels left.
You knew the following spells:

 Your Spells              Type           Power      Damage    Failure   Level
a - Sandblast             Erth           28%        2d8       6%          1
b - Passwall              Erth           14%        N/A       19%         3

Your spell library contained the following spells:

 Spells                   Type           Power      Damage    Failure   Level
 Sting                    Conj/Alch      12%        1d3       22%         1
 Apportation              Tloc           2%         N/A       28%         1
 Necrotise                Necr           4%         1d4       28%         1
 Summon Small Mammal      Summ           4%         N/A       28%         1
 Stone Arrow              Conj/Erth      18%        3d8       32%         3
 Brom's Barrelling Bould  Conj/Erth      9%         2d3       71%         4
 Petrify                  Alch/Erth      7%         N/A       78%         4
 Olgreb's Toxic Radiance  Alch           1%         N/A       95%         4
 Ozocubu's Refrigeration  Ice            0%         4d7       100%        7
 Discord                  Hex            0%         N/A       100%        8


Dungeon Overview and Level Annotations

Branches:
Dungeon (2/15)

Altars:


Innate Abilities, Weirdness & Mutations

You have a somewhat thin skeletal structure. (Dex +2, Stealth+)


Message History

Nothing appears to happen.
The gnoll hits you with a +0 club.
You take 5 damage, and have 21/26 hp.
You now have 4/6 mp.
Aiming: Sandblast (safe; 6% risk of failure)
Press: ? - help, Q - select action, (/) - cycle Shift-Dir - straight line, f/p - gnoll
Aim: a gnoll, wielding a +0 club (84% to hit)
The blast of sand hits the gnoll!
The gnoll is severely wounded.
The gnoll hits you with a +0 club.
You take 5 damage, and have 16/26 hp.
You now have 3/6 mp.
Aiming: Sandblast (safe; 6% risk of failure)
Press: ? - help, Q - select action, (/) - cycle Shift-Dir - straight line, f/p - gnoll
Aim: a gnoll, wielding a +0 club (severely wounded, 84% to hit)
The blast of sand hits the gnoll but does no damage.
The gnoll is severely wounded.
The gnoll misses you. The gnoll hits you with a +0 club.
You take 4 damage, and have 12/26 hp.
You now have 2/6 mp.
Press: ? - help, v - describe, . - travel
Here: a gnoll, wielding a +1 heavy spear The floor.
Unknown command.
Aiming: Sandblast (safe; 6% risk of failure)
Press: ? - help, Q - select action, (/) - cycle Shift-Dir - straight line, f/p - gnoll
Aim: a gnoll, wielding a +0 club (severely wounded, 84% to hit)
The blast of sand hits the gnoll.
The gnoll is almost dead.
The gnoll closely misses you. x2
You now have 1/6 mp.
Aiming: Sandblast (safe; 6% risk of failure)
Press: ? - help, Q - select action, (/) - cycle Shift-Dir - straight line, f/p - gnoll
Aim: a gnoll, wielding a +0 club (almost dead, 84% to hit)
You miscast Sandblast.
Nothing appears to happen.
The gnoll hits you with a +0 club.
The gnoll hits you from afar with a +1 heavy spear.
* * * LOW HITPOINT WARNING * * *
You take 6 damage, and have 6/26 hp.
MASSIVE DAMAGE!!
You now have 0/6 mp.
Okay, then.
Okay, then.
Magic courses through your body. The gnoll hits you with a +0 club!
You die...

#...#.# ##....#
#..#.# ##.#)#
#.#.# .. #...#
#...#.#.####
#........#
#####@##.#
####.#####g##.#
......S..g.##.#
.......###....#
....... #.####
....... #.#
...g... #.#
.g?.... #..
....... ###


You could see 2 gnolls.

Vanquished Creatures
  2 gnolls
  2 ball pythons
  4 bats
  2 endoplasms (D:1)
  A giant cockroach (D:1)
  2 goblins (D:1)
  2 hobgoblins (D:1)
  3 quokkas
  A rat (D:1)
19 creatures vanquished.

Notes
Turn   | Place    | Note
-------+----------+-------------------------------------------
     0 | D:1      | jasper the Demonspawn Earth Elementalist began the quest
                  | for the Orb.
     0 | D:1      | Reached XP level 1. HP: 13/13 MP: 3/3
    70 | D:1      | Reached skill level 3 in Earth Magic
   108 | D:1      | Gained mutation: You have a somewhat thin skeletal
                  | structure. (Dex +2, Stealth+) [demonic ancestry]
   108 | D:1      | Reached XP level 2. HP: 20/20 MP: 0/5
   378 | D:1      | Reached skill level 1 in Fighting
   694 | D:1      | Reached XP level 3. HP: 26/26 MP: 3/6
   781 | D:1      | Learned a level 3 spell: Passwall
  1104 | D:2      | Slain by a gnoll

Illustrated notes

Levels and vault maps discovered:
D:1:      amcnicky_arrival_gap_in_the_tavern_cellar, layout_rooms,
          minmay_misc_feat_iff
D:2:      layout_loops_cross, chequers_ecumenical_altar_lobes,
          dk_noncrumbling_2, minmay_misc_feat_x

Skill      XL: |  1  2 |
---------------+-------+-----
Earth Magic    | 3 |  3.6
Fighting       | 1 |  1.5
Dodging        | |  1.7
Stealth        | |  1.7
Spellcasting   | |  2.0
Conjurations   | |  1.0

Action                     || total
---------------------------++-------
  Melee: Quick blade       ||    12
   Cast: Sandblast         ||    31
    Use: Scroll            ||     2
         Potion            ||     1
 Armour: Robe              ||     2
         Leather armour    ||    10
  Dodge: Dodged            ||    10

Table legend: (Time is in decaauts)
 A = Elapsed time spent in this place.
 B = Non-inter-level travel time spent in this place.
 C = Inter-level travel time spent in this place.
 D = Time resting spent in this place.
 E = Time spent auto-exploring this place.
 F = Levels seen in this place.
 G = Mean time per level.
                   A        B        C        D        E       F      G
               +--------+--------+--------+--------+--------+-----+--------+
         Total |   1120 |   1055 |     65 |     32 |    808 |   2 |  560.0 |
       Dungeon |   1120 |   1055 |     65 |     32 |    808 |   2 |  560.0 |
               +--------+--------+--------+--------+--------+-----+--------+

Top non-repeatable levels by time:
     D:1: 906 daAuts
     D:2: 213 daAuts
